Map: Site Delta LE

Players

Moja - Winner!

  • Race: Terran Terran
  • League: Grandmaster
  • Spawn Location: 11:00

SKillous

  • Race: Protoss Protoss
  • League: Grandmaster
  • Spawn Location: 5:00

Event: HomeStory Cup XXV

VOD

Have the link to the VOD?

Description

Time

  • Played on: June 21, 2024, 2:07 p.m.
  • Length: 12:55

All games in this series

Show
View Real Time Build Order
Export as new Build Order

Moja Terran - Winner!

Build Orders: Reaper Expand 

Get SALT Encoding   

  12  0:00  SCV  
  13  0:12  SCV  
  14  0:17  Supply Depot  
  14  0:24  SCV  
  15  0:38  SCV  
  15  0:40  Barracks  
  16  0:45  Refinery  
  16  0:51  SCV  
  17  0:59  Engineering Bay  
  17  1:03  SCV  
  18  1:15  SCV  
  19  1:27  Orbital Command, Reaper  
  20  1:52  SCV  
  20  1:53  Command Center  
  21  1:59  Barracks Reactor  
  21  2:04  SCV  
  21  2:07  Supply Depot  
  22  2:12  Barracks  
  22  2:17  SCV  
  23  2:29  SCV  
  24  2:35  Marine x2  
  26  2:41  SCV  
  27  2:45  Command Center  
  27  2:52  Marine  
  27  2:53  SCV, Marine  
  30  3:00  Barracks Tech Lab  
  30  3:05  Orbital Command  
  30  3:10  SCV  
  30  3:11  Marine  
  30  3:12  Marine  
  33  3:20  Marine  
  33  3:22  SCV  
  35  3:30  Orbital Command  
  35  3:33  Marine x2  
  35  3:35  SCV  
  35  3:38  Marine  
  35  3:39  Stimpack  
  37  3:47  SCV  
  38  3:55  Marine  
  38  3:58  Orbital Command, SCV  
  38  3:59  SCV, Barracks  
  41  4:05  Marine  
  41  4:09  Factory  
  42  4:10  SCV  
  42  4:11  SCV, Refinery  
  42  4:15  Marine x2  
  46  4:22  SCV, Engineering Bay  
  46  4:23  SCV x2  
  49  4:27  Marine  
  50  4:34  SCV  
  50  4:38  SCV  
  50  4:39  Marine x2  
  50  4:42  SCV  
  50  4:45  Marine  
  53  4:46  Barracks Tech Lab  
  53  4:49  SCV, Terran Infantry Weapons Level 1  
  53  4:52  Refinery  
  54  4:53  SCV, Refinery  
  54  4:54  SCV  
  54  4:58  Bunker  
  54  4:59  Marine  
  57  5:00  Starport  
  57  5:01  SCV  
  57  5:04  Marine x2  
  57  5:06  Supply Depot  
  60  5:08  Factory Reactor  
  60  5:10  SCV  
  61  5:14  Supply Depot  
  61  5:22  Supply Depot  
  61  5:25  Combat Shield  
  61  5:27  SCV x3, Marine x2  
  63  5:39  SCV x2  
  63  5:41  Marine x2  
  63  5:42  Barracks  
  67  5:43  Barracks  
  67  5:48  Medivac x2  
  67  5:49  Marauder x2  
  75  5:50  SCV  
  75  5:52  Supply Depot  
  75  5:54  SCV  
  75  5:55  Supply Depot  
  75  5:56  SCV  
  78  6:00  Supply Depot, Marine x2  
  79  6:08  SCV  
  79  6:10  Marine  
  79  6:11  SCV x2, Marauder  
  82  6:14  Concussive Shells  
  82  6:18  Medivac x2  
  87  6:20  SCV  
  87  6:21  Marine  
  87  6:23  Supply Depot, SCV  
  87  6:24  Orbital Command  
  91  6:32  Marine, Marauder  
  93  6:33  Marauder  
  93  6:34  Barracks Tech Lab, Barracks Reactor  
  93  6:37  SCV x2  
  93  6:39  Marine  
  95  6:47  Terran Infantry Armor Level 1  
  95  6:49  SCV  
  95  6:50  SCV x2, Marine  
  95  6:52  Medivac  
  105  6:54  Marauder x2  
  105  6:55  Medivac  
  105  6:58  Supply Depot  
  105  7:00  Supply Depot, Marauder  
  109  7:02  SCV x3  
  111  7:09  Marine  
  111  7:15  Marine, Marauder  
  114  7:16  SCV, Marauder  
  114  7:20  SCV x2  
  114  7:21  Supply Depot x2  
  119  7:22  Supply Depot  
  119  7:23  Engineering Bay, Armory  
  119  7:24  Marine, Marauder  
  122  7:31  Marine  
  122  7:34  Medivac x2  
  122  7:37  Marauder  
  128  7:39  Marine  
  128  7:40  Marauder  
  131  7:48  SCV x2, Refinery x2, Barracks  
  131  7:49  Barracks  
  131  7:50  SCV, Barracks  
  134  7:53  Marine  
  134  7:54  Marauder  
  137  8:00  Marine  
  137  8:01  Marauder  
  140  8:07  Marine, Marauder  
  140  8:08  Medivac x2  
  147  8:13  Terran Infantry Weapons Level 2  
  146  8:21  Marine, Marauder  
  146  8:27  Marine, Marauder  
  146  8:29  SCV x3  
  146  8:30  Ghost Academy  
  146  8:32  Marine  
  146  8:33  Marauder  
  153  8:36  Supply Depot  
  153  8:37  Supply Depot  
  153  8:38  Supply Depot  
  153  8:40  Medivac x2  
  157  8:41  Barracks Tech Lab, SCV  
  157  8:42  Barracks Tech Lab x2, Marine  
  157  8:43  Marauder  
  161  8:48  Marine  
  161  8:53  Marine  
  161  8:54  Marauder, Terran Infantry Armor Level 2  
  165  8:59  Supply Depot  
  165  9:01  Supply Depot  
  167  9:09  Marine  
  169  9:10  Marine, Marauder x2  
  169  9:11  Supply Depot  
  172  9:18  Marine  
  172  9:19  Marauder  
  163  9:28  Marine  
  163  9:29  Marauder  
  163  9:30  Unknown  
  163  9:31  Marine, Marauder  
  166  9:32  Marine x3, Marauder  
  166  9:33  Medivac x2  
  166  9:36  Marine  
  172  9:40  Marauder  
  168  9:46  Marine  
  168  9:49  Marine  
  168  9:50  Marine, Marauder x2  
  168  9:51  Marauder  
  168  9:53  Marine, Marauder  
  168  9:55  Marine  
  156  10:02  Marauder  
  156  10:03  Medivac x2  
  156  10:04  Marine  
  156  10:06  Marine  
  161  10:07  Marine  
  161  10:11  Marauder  
  161  10:12  Marauder x3  
  161  10:13  Marine  
  164  10:24  Marine x3, Marauder  
  165  10:29  Marine  
  165  10:33  Marauder x3, Medivac x2  
  165  10:34  Marine, Marauder  
  177  10:41  Marine  
  177  10:42  Marine, Marauder  
  175  10:46  Marauder  
  175  10:47  Marine  
  177  10:52  Marine  
  177  10:54  Marauder x2  
  177  10:55  Marauder  
  186  10:59  Marine  
  186  11:00  Marine  
  188  11:09  Marauder  
  186  11:14  Marine  
  186  11:16  Marauder  
  186  11:23  Unknown  
  186  11:24  Command Center  
  186  11:32  Marine  
  185  11:33  Marauder  
  185  11:35  Unknown  
  185  11:38  Marine  
  185  11:39  Marine x2, Marauder x5  
  192  11:50  Marine  
  195  11:54  Marauder  
  195  11:56  Marine x2  
  195  11:57  Marine  
  195  12:00  Marine, Marauder x2  
  195  12:01  Marauder x2  
  197  12:08  Marine  
  194  12:14  Marine x2  
  194  12:15  Marine  
  197  12:20  Marauder  
  197  12:22  Marine, Marauder  
  195  12:24  Marauder  
  195  12:25  Marauder x2  
  195  12:26  Marine  
  190  12:31  Marine  
Show
View Real Time Build Order
Export as new Build Order

SKillous Protoss 

Build Orders: 1 Gate Expand, Blink Stalkers 

Get SALT Encoding   

  12  0:00  Probe  
  13  0:12  Probe  
  14  0:17  Pylon  
  14  0:24  Probe (Chrono Boost)  
  15  0:36  Gateway, Probe (Chrono Boost)  
  16  0:43  Assimilator  
  16  0:45  Probe (Chrono Boost)  
  17  0:53  Probe  
  18  1:05  Probe  
  19  1:17  Probe  
  20  1:24  Cybernetics Core  
  20  1:31  Probe  
  21  1:38  Nexus  
  21  1:41  Pylon  
  21  1:46  Assimilator  
  21  1:49  Probe  
  22  1:58  Adept (Chrono Boost)  
  24  2:01  Warp Gate  
  24  2:03  Probe  
  25  2:09  Shield Battery  
  25  2:15  Probe  
  25  2:18  Adept (Chrono Boost)  
  28  2:28  Probe  
  29  2:33  Twilight Council  
  29  2:41  Probe (Chrono Boost)  
  30  2:49  Stalker, Probe (Chrono Boost)  
  33  2:58  Probe (Chrono Boost)  
  35  2:59  Probe (Chrono Boost)  
  35  3:04  Probe x2 (Chrono Boost)  
  36  3:06  Gateway, Blink (Chrono Boost)  
  37  3:17  Probe  
  37  3:18  Probe  
  39  3:30  Probe  
  39  3:32  Probe  
  39  3:35  Robotics Facility  
  39  3:42  Probe  
  39  3:43  Gateway  
  39  3:44  Probe, Pylon  
  41  3:55  Probe  
  42  3:56  Probe  
  42  4:00  Stalker  
  42  4:02  Stalker  
  47  4:06  Pylon  
  47  4:07  Probe  
  47  4:09  Probe  
  49  4:19  Probe  
  49  4:21  Observer  
  51  4:26  Stalker x2  
  51  4:30  Nexus  
  55  4:37  Pylon  
  52  4:43  Stalker  
  53  4:46  Probe x2  
  55  4:53  Stalker x2  
  55  4:55  Assimilator  
  55  4:58  Probe x2  
  55  4:59  Assimilator  
  62  5:04  Immortal  
  65  5:13  Probe (Chrono Boost)  
  67  5:15  Pylon  
  67  5:18  Probe (Chrono Boost)  
  67  5:24  Probe (Chrono Boost)  
  67  5:26  Pylon  
  68  5:32  Probe (Chrono Boost)  
  68  5:34  Probe (Chrono Boost)  
  70  5:40  Forge x2  
  72  5:43  Templar Archives, Probe (Chrono Boost)  
  72  5:45  Probe (Chrono Boost)  
  72  5:48  Probe x2 (Chrono Boost)  
  73  5:50  Immortal (Chrono Boost)  
  73  5:53  Probe  
  79  5:58  Probe  
  79  6:01  Probe (Chrono Boost)  
  81  6:04  Protoss Ground Weapons Level 1 (Chrono Boost)  
  81  6:09  Probe (Chrono Boost)  
  81  6:11  Probe (Chrono Boost)  
  83  6:16  Gateway x2  
  83  6:18  Probe (Chrono Boost)  
  85  6:20  Gateway, Probe (Chrono Boost)  
  85  6:21  Probe (Chrono Boost)  
  85  6:23  Psionic Storm  
  85  6:24  Observer  
  87  6:34  Nexus  
  87  6:37  Pylon  
  87  6:42  Protoss Ground Armor Level 1 (Chrono Boost)  
  87  6:45  Pylon  
  87  6:46  High Templar  
  89  6:49  Pylon  
  89  6:50  Zealot, High Templar  
  89  6:53  Pylon  
  93  6:56  Gateway  
  93  6:57  Gateway  
  93  7:00  Warp Prism (Chrono Boost)  
  95  7:11  High Templar  
  95  7:13  Zealot, Sentry  
  95  7:15  Observer, Pylon  
  100  7:19  Probe x3  
  100  7:22  Zealot x3  
  109  7:24  Pylon  
  109  7:25  Gateway  
  109  7:26  Gateway  
  109  7:32  Probe  
  110  7:40  Protoss Ground Weapons Level 2 (Chrono Boost)  
  110  7:42  Zealot x5  
  120  7:45  Gateway, Probe x2  
  120  7:47  Gateway  
  122  7:52  Pylon  
  122  7:54  Probe x2  
  124  8:02  Pylon, Probe  
  124  8:04  Immortal  
  124  8:05  Pylon  
  129  8:06  Robotics Facility  
  129  8:08  Probe x2  
  129  8:09  Probe  
  132  8:14  Protoss Ground Armor Level 2 (Chrono Boost)  
  132  8:20  Charge  
  129  8:28  Pylon  
  129  8:29  Zealot x6  
  140  8:42  Nexus  
  140  8:44  Pylon  
  144  8:48  Immortal  
  144  8:49  Pylon  
  144  8:53  Immortal (Chrono Boost)  
  148  8:57  Probe x3  
  148  8:58  Assimilator, Probe  
  148  9:02  Assimilator  
  152  9:07  Stalker x3  
  158  9:11  Zealot x3  
  156  9:26  Stalker x6  
  156  9:27  Immortal (Chrono Boost)  
  170  9:36  Protoss Ground Weapons Level 3 (Chrono Boost)  
  170  9:37  Zealot x4  
  170  9:38  Zealot  
  150  9:55  Immortal (Chrono Boost)  
  150  9:57  Zealot x6  
  144  10:06  Protoss Ground Armor Level 3 (Chrono Boost)  
  124  10:08  Zealot x2  
  124  10:09  Zealot x10  
  124  10:10  Gateway  
  142  10:14  Immortal (Chrono Boost)  
  136  10:31  Zealot x7  
  136  10:32  High Templar  
  152  10:41  Zealot x4  
  158  10:47  Shield Battery  
  158  10:49  Warp Prism (Chrono Boost)  
  146  10:52  High Templar x2  
  146  10:53  Gateway  
  156  11:05  Immortal (Chrono Boost)  
  146  11:13  Zealot x3  
  146  11:14  Zealot x7  
  148  11:19  Immortal  
  142  11:37  Zealot x5  
  142  11:39  Stalker x3  
  140  11:45  Zealot x4, Immortal (Chrono Boost)  
  138  11:53  Zealot x2  
  129  12:03  Zealot x2  
  129  12:04  Zealot x2  
  129  12:07  Zealot x2  
  141  12:13  Zealot x2  
  141  12:15  Zealot x2  
  119  12:22  Zealot x2  
  119  12:23  Zealot x2  
  113  12:30  Zealot x6  
  118  12:43  Zealot x5  
  94  12:51  Zealot x4  
Tags
 
Add a new tag
Caveats
  • Supply blocks, unpowered buildings, or Contaminate may cause inaccurate times.
  • Supply counts are checked every 10 seconds.